 Dungeon Crawl Stone Soup version 0.28.0-43-g3370ac3207 (webtiles) character file.

Game seed: 7694549360968385943

619 Miriam the Twirler (level 7, -7/52 HPs)
             Began as a Human Gladiator on Mar 16, 2022.
             Was an Initiate of the Shining One.
             Mangled by an ogre
             ... wielding a +0 giant club
              (10 damage)
             ... on level 5 of the Dungeon.
             The game lasted 00:25:21 (4377 turns).

Miriam the Twirler (Human Gladiator)                Turns: 4377, Time: 00:25:22

Health: -7/52      AC:  8    Str: 12 (15) XL:     7   Next: 74%
Magic:  9/9        EV: 11    Int:  7 (10) God:    the Shining One [......]
Gold:   161        SH:  0    Dex: 11 (14) Spells: 5/9 levels left

rFire   . . .      SeeInvis .   a - +1 quarterstaff
rCold   + . .      Faith    .   (shield currently unavailable)
rNeg    . . .      Spirit   .   j - +2 ring mail {rC+}
rPois   .          Reflect  .   c - +0 helmet
rElec   .          Harm     .   k - scarf {repulsion}
rCorr   .          Rampage  .   (no gloves)
Will    .....                   (no boots)
Stlth   +.........              (no amulet)
HPRegen 0.17/turn               (no ring)
MPRegen 0.11/turn               (no ring)

@: glowing, repel missiles
A: no striking features
a: Renounce Religion


You were on level 5 of the Dungeon.
You worshipped the Shining One.
The Shining One was noncommittal.
You visited 1 branch of the dungeon, and saw 5 of its levels.

You collected 221 gold pieces.
You spent 60 gold pieces at shops.

Inventory:

Hand Weapons
 a - a +1 quarterstaff (weapon)
 n - a +0 hunting sling
 o - a +0 whip
 y - a +4 hunting sling
 z - a +0 hand crossbow
Missiles
 f - 23 sling bullets
 A - 28 bolts
Armour
 b - a +0 leather armour
 c - a +0 helmet (worn)
 d - a +1 robe
 j - a +2 ring mail of cold resistance (worn)
 k - a scarf of repulsion (worn)
 v - a +0 tower shield
Scrolls
 l - a scroll of holy word
 m - a scroll of vulnerability {unknown}
 p - a scroll of torment {unknown}
 q - 2 scrolls of teleportation {unknown}
 r - a scroll of noise {unknown}
 s - a scroll of fog {unknown}
 t - a scroll of immolation {unknown}
 x - a scroll of magic mapping {unknown}
Potions
 e - 2 potions of flight
 g - a potion of degeneration
 h - a potion of berserk rage {unknown}
 i - a potion of lignification {unknown}
 u - a potion of might {unknown}


   Skills:
 * Level 3.1 Fighting
 * Level 1.9(3.4) Polearms
 * Level 4.4(4.7) Staves
 * Level 2.0(2.8) Slings
 * Level 0.1 Crossbows
 * Level 2.9(3.2) Throwing
 * Level 2.1 Armour
 * Level 3.6 Dodging
 * Level 2.0 Stealth
 * Level 0.9 Shields
 * Level 1.9 Spellcasting
 * Level 0.8 Necromancy
 * Level 0.7 Air Magic
 * Level 0.1 Invocations
 * Level 0.4 Evocations


You had 5 spell levels left.
You knew the following spells:

 Your Spells              Type           Power      Damage    Failure   Level
a - Corpse Rot            Necr/Air       2%         N/A       67%         2
b - Pain                  Necr           4%         1d4       52%         1
c - Animate Skeleton      Necr           2%         N/A       52%         1

Your spell library contained the following spells:

 Spells                   Type           Power      Damage    Failure   Level
 Sublimation of Blood     Necr           1%         N/A       67%         2


Dungeon Overview and Level Annotations

Branches:
Dungeon (5/15)             Temple (0/1) D:4

Altars:
Cheibriados
Kikubaaqudgha
The Shining One

Shops:
D:2 ?


Message History

You open the door.
An ogre and a phantom come into view.
The ogre shouts!
Found 30 bolts, 24 gold pieces and a scroll labelled HAEREA VIGHEI.
You hit the phantom.
The phantom is lightly damaged.
The phantom closely misses you.
You miss the phantom.
The phantom is lightly damaged.
The phantom hits you!
You hit the phantom.
The phantom is moderately damaged.
The phantom hits you but does no damage.
You closely miss the phantom.
The phantom is moderately damaged.
The phantom misses you.
You barely miss the phantom.
The phantom is moderately damaged.
The phantom misses you.
You miss the phantom.
The phantom is moderately damaged.
The phantom hits you.
The phantom blinks!
You blink.
You barely miss the phantom.
The phantom is moderately damaged.
The phantom hits you!
You hit the phantom but do no damage.
The phantom is moderately damaged.
The ogre barely misses you. The phantom hits you.
The phantom blinks!
You blink.
You sock the phantom!
The phantom is severely damaged.
The phantom hits you!
The ogre hits you with a +0 giant club!!
* * * LOW HITPOINT WARNING * * *
It was a potion of degeneration.
There was something very wrong with that liquid.
You feel weakened.
You feel dopey.
You feel clumsy.
The phantom hits you but does no damage.
The ogre hits you with a +0 giant club!
You die...

############
#>.........#
#..........#
#..........#
####..........#
#...........###
#......####..###
#.<...##.$##...#####
#.....#.§@.#........
#.....#§O.W#.#....##
#..#####..##.####.#
#.## ##'##...# .. #.
+.###†#....# # #.
##'.[.##.#.# #.
#.(...#.....
#....|#.....#
#.....# ###.#


You could see a phantom and an ogre.

Vanquished Creatures
  Sigmund (D:2)
  An ogre (D:4)
  A water moccasin skeleton (D:5)
  A hound (D:5)
  2 orc priests (D:3)
  An iguana (D:5)
  Terence (D:3)
  5 gnolls
  5 adders
  An ufetubus (D:5)
  An adder skeleton (D:3)
  3 worms
  9 orcs (D:3)
  3 bats
  3 endoplasms
  A giant cockroach (D:4)
  8 hobgoblins
  3 jackals (D:1)
  4 kobolds
  4 quokkas
  3 ball pythons
  3 frilled lizards
  7 goblins
  3 rats
74 creatures vanquished.

Notes
Turn   | Place    | Note
-------+----------+-------------------------------------------
     0 | D:1      | Miriam the Human Gladiator began the quest for the Orb.
     0 | D:1      | Reached XP level 1. HP: 16/16 MP: 1/1
   188 | D:1      | Reached XP level 2. HP: 19/22 MP: 2/2
   631 | D:1      | Reached XP level 3. HP: 27/27 MP: 3/3
   970 | D:2      | Found Ivanemor's Magic Scroll Emporium.
  1097 | D:2      | Bought a scroll of identify for 20 gold pieces
  1160 | D:2      | Noticed Sigmund
  1179 | D:2      | Killed Sigmund
  1180 | D:2      | Reached skill level 1 in Polearms
  1180 | D:2      | Reached skill level 4 in Staves
  1180 | D:2      | Reached skill level 1 in Slings
  1180 | D:2      | Reached skill level 1 in Armour
  1180 | D:2      | Reached skill level 1 in Stealth
  1180 | D:2      | Reached skill level 1 in Spellcasting
  1180 | D:2      | Reached XP level 4. HP: 9/34 MP: 3/5
  1180 | D:2      | Reached XP level 5. HP: 10/39 MP: 3/6
  1180 | D:2      | Reached XP level 6. HP: 12/46 MP: 3/7
  1650 | D:2      | Found a faded altar of an unknown god.
  1665 | D:2      | Prayed at the altar of an unknown god.
  1665 | D:2      | Became a worshipper of Kikubaaqudgha
  1665 | D:2      | Reached * piety under Kikubaaqudgha
  1665 | D:2      | Received a gift from Kikubaaqudgha
  1669 | D:2      | Learned a level 2 spell: Corpse Rot
  1671 | D:2      | Learned a level 1 spell: Pain
  1673 | D:2      | Learned a level 1 spell: Animate Skeleton
  1866 | D:2      | Bought a scroll of identify for 20 gold pieces
  1866 | D:2      | Bought a scroll of identify for 20 gold pieces
  2166 | D:3      | Noticed Terence
  2182 | D:3      | Killed Terence
  3122 | D:3      | Found a snail-covered altar of Cheibriados.
  3122 | D:3      | Found an ancient bone altar of Kikubaaqudgha.
  3455 | D:4      | Reached XP level 7. HP: 45/52 MP: 9/9
  3467 | D:4      | Reached ** piety under Kikubaaqudgha
  3636 | D:4      | Found a glowing golden altar of the Shining One.
  3659 | D:4      | Fell from the grace of Kikubaaqudgha
  3659 | D:4      | Became a worshipper of the Shining One
  4193 | D:4      | Found a staircase to the Ecumenical Temple.
  4301 | D:5      | Entered Level 5 of the Dungeon
  4377 | D:5      | Mangled by an ogre

Illustrated notes

Levels and vault maps discovered:
D:1:      ncdulo_smallfort, layout_basic
D:2:      layout_loops_ring, serial_shops, shop,
          hellmonk_ecumenical_altar_arch_garden, uniq_sigmund
D:3:      cheibrodos_pilgrimage, layout_basic, gammafunk_temple_overflow_pools,
          grunt_ministairs_4, uniq_terence
D:4:      layout_basic, mainiacjoe_overflow_six_doors_small,
          minmay_temple_entry_offerings
D:5:      layout_rooms, minmay_joined_circles

Skill      XL: |  1  2  3  4  5  6  7 |
---------------+----------------------+-----
Polearms       | 1 |  1.9
Staves         | 4 |  4.4
Slings         | 1 2 |  2.0
Armour         | 1 2 |  2.1
Stealth        | 1 2 |  2.0
Spellcasting   | 1 |  1.9
Fighting       | 3 |  3.1
Crossbows      | |  0.1
Throwing       | |  2.9
Dodging        | |  3.6
Shields        | |  0.9
Necromancy     | |  0.8
Air Magic      | |  0.7
Invocations    | |  0.1
Evocations     | |  0.4

Action                   |  1- 3 |  4- 6 |  7- 9 || total
-------------------------+-------+-------+-------++-------
Melee: Quarterstaff      |    68 |    63 |    49 ||   180
 Fire: Hunting sling     |       |    42 |     8 ||    50
Throw: Throwing net      |     7 |     5 |     3 ||    15
 Cast: Pain              |       |     4 |       ||     4
       Corpse Rot        |       |     2 |       ||     2
Evoke: Wand              |       |     5 |     1 ||     6
  Use: Scroll            |     4 |     4 |       ||     8
       Potion            |       |       |     1 ||     1
 Stab: Sleeping          |     1 |       |       ||     1
       Held in net/web   |     1 |       |       ||     1
Armor: Leather armour    |    18 |       |       ||    18
       Robe              |       |    17 |       ||    17
       Ring mail         |       |     2 |    17 ||    19
Dodge: Dodged            |    33 |    53 |    28 ||   114
Block: Tower shield      |       |     3 |     1 ||     4
